TOP OF THE 1ST |
Hamilton Ross Rams batting - Pitching for University of Virginia Cavaliers : RHP Jayden Currie
|
Pitching: RHP Jayden Currie
|
|
Batting: LHB Addergoole Kartosuwiryo
|
0-0: Called Strike 0-1: Ball 1-1: Foul Ball, location: 2F 1-2: Ground out 5-3 (Groundball, 56, EV 82.5 MPH)
|
Batting: RHB Giovonni Melis
|
0-0: Swinging Strike 0-1: Swinging Strike 0-2: Strikes out looking
|
Batting: RHB Burke Miller
|
0-0: Foul Ball, location: 2F 0-1: Called Strike 0-2: Foul Ball, location: 2F 0-2: Ball 1-2: Foul Ball, location: 2F 1-2: Fly out, F5 (Popup, 5S, EV 76.2 MPH)
|
Top of the 1st over - 0 runs, 0 hits, 0 errors, 0 left on base; Hamilton Ross 0 - University of Virginia 0 |
BOTTOM OF THE 1ST |
University of Virginia Cavaliers batting - Pitching for Hamilton Ross Rams : LHP Alejandro Silveira
|
Pitching: LHP Alejandro Silveira
|
|
Batting: LHB Eustachio Bontempi
|
0-0: Ball 1-0: Ball 2-0: Foul Ball, location: 2F 2-1: Called Strike 2-2: Foul Ball, location: 2F 2-2: Ball 3-2: Foul Ball, location: 2F 3-2: Base on Balls
|
Batting: RHB Jason Thresher
|
0-0: Fielders Choice at 2nd, 4-6 (Groundball, 4M, EV 83.1 MPH)
|
Batting: RHB Scott Anderson
|
0-0: Called Strike Jason Thresher steals 2nd base (no throw) 0-1: Called Strike 0-2: Ball 1-2: Ball 2-2: Foul Ball, location: 2F 2-2: Strikes out looking
|
Batting: LHB Edelberto Barbas
|
0-0: Called Strike 0-1: Ball 1-1: Ball 2-1: 2-RUN HOME RUN (Line Drive, 9LD, EV 97.5 MPH), Distance : 351 ft
|
Batting: LHB Josh Doan
|
0-0: Called Strike 0-1: Swinging Strike 0-2: Ball 1-2: Ball 2-2: Strikes out looking
|
Bottom of the 1st over - 2 runs, 1 hit, 0 errors, 0 left on base; Hamilton Ross 0 - University of Virginia 2 |
TOP OF THE 2ND |
Hamilton Ross Rams batting - Pitching for University of Virginia Cavaliers : RHP Jayden Currie
|
Batting: LHB Miguel Silveira
|
0-0: Called Strike 0-1: Ball 1-1: Called Strike 1-2: Ball 2-2: Strikes out swinging
|
Batting: RHB Christian Leschak
|
0-0: Ball 1-0: Ball 2-0: Foul Ball, location: 2F 2-1: Ball 3-1: Fly out, F8 (Flyball, 78M, EV 86.9 MPH)
|
Batting: SHB Steve Bailey
|
0-0: Ball 1-0: Called Strike 1-1: Foul Ball, location: 2F 1-2: Foul Ball, location: 2F 1-2: Strikes out swinging
|
Top of the 2nd over - 0 runs, 0 hits, 0 errors, 0 left on base; Hamilton Ross 0 - University of Virginia 2 |
BOTTOM OF THE 2ND |
University of Virginia Cavaliers batting - Pitching for Hamilton Ross Rams : LHP Alejandro Silveira
|
Batting: RHB Jayden Johnson
|
0-0: Called Strike 0-1: Ball 1-1: Fly out, F7 (Flyball, 7S, EV 86.9 MPH)
|
Batting: LHB Ray Nichter
|
0-0: Called Strike 0-1: Ball 1-1: Ball 2-1: Ball 3-1: SINGLE (Groundball, 6MD, EV 105.0 MPH)
|
Batting: RHB Allen McCaskill
|
0-0: Ball 1-0: Called Strike 1-1: Foul Ball, location: 2F 1-2: Strikes out looking
|
Batting: SHB Ethan Lewis
|
0-0: Foul Ball, location: 2F 0-1: Ball Ray Nichter steals 2nd, throwing error, E2 Ray Nichter to third 1-1: Ball 2-1: Ball 3-1: SINGLE (Groundball, 6D, EV 104.4 MPH) Ray Nichter scores
|
Batting: LHB Eustachio Bontempi
|
0-0: Called Strike Ethan Lewis is caught stealing 2nd base 2-6
|
Bottom of the 2nd over - 1 run, 2 hits, 1 error, 0 left on base; Hamilton Ross 0 - University of Virginia 3 |
TOP OF THE 3RD |
Hamilton Ross Rams batting - Pitching for University of Virginia Cavaliers : RHP Jayden Currie
|
Batting: RHB Sam Costello
|
0-0: Called Strike 0-1: Ball 1-1: Called Strike 1-2: Ball 2-2: DOUBLE (Line Drive, 78D, EV 99.4 MPH)
|
Batting: RHB C.J. Fleet
|
0-0: Swinging Strike 0-1: Ball 1-1: Swinging Strike 1-2: Strikes out swinging
|
Batting: LHB Jose Lopez
|
0-0: Ball 1-0: SINGLE (Groundball, 34D, EV 101.2 MPH) Sam Costello to third Runner from 3rd tries for Home, SAFE, throw by RF to home Jose Lopez to second
|
Batting: LHB Addergoole Kartosuwiryo
|
0-0: Called Strike 0-1: Ball 1-1: Swinging Strike 1-2: Reached on error, E6 (Groundball, 6, EV 78.8 MPH) Jose Lopez scores
|
Batting: RHB Giovonni Melis
|
0-0: Ball 1-0: Swinging Strike 1-1: Foul Ball, location: 2F 1-2: Ball 2-2: Strikes out looking
|
Batting: RHB Burke Miller
|
0-0: Swinging Strike 0-1: Ball 1-1: Swinging Strike 1-2: Strikes out swinging
|
Top of the 3rd over - 2 runs, 2 hits, 1 error, 1 left on base; Hamilton Ross 2 - University of Virginia 3 |
BOTTOM OF THE 3RD |
University of Virginia Cavaliers batting - Pitching for Hamilton Ross Rams : LHP Alejandro Silveira
|
Batting: LHB Eustachio Bontempi
|
0-0: SINGLE (Groundball, 6MS, EV 73.8 MPH) (infield hit)
|
Batting: RHB Jason Thresher
|
0-0: Called Strike 0-1: Ball 1-1: DOUBLE (Groundball, 5L, EV 101.9 MPH) Eustachio Bontempi to third
|
Batting: RHB Scott Anderson
|
0-0: Foul Ball, location: 2F 0-1: Foul Ball, location: 2F 0-2: Strikes out looking
|
Batting: LHB Edelberto Barbas
|
0-0: Called Strike 0-1: Swinging Strike 0-2: Ball 1-2: Hit by Pitch
|
Batting: LHB Josh Doan
|
0-0: Called Strike 0-1: Fly out, F9 (Flyball, 9D, EV 92.5 MPH) Runner from 3rd tags up, SCORES, throw by RF Jason Thresher to third
|
Batting: RHB Jayden Johnson
|
0-0: Called Strike 0-1: Ball 1-1: Ground out 1-3 (Groundball, 13S, EV 61.9 MPH)
|
Bottom of the 3rd over - 1 run, 2 hits, 0 errors, 2 left on base; Hamilton Ross 2 - University of Virginia 4 |
TOP OF THE 4TH |
Hamilton Ross Rams batting - Pitching for University of Virginia Cavaliers : RHP Jayden Currie
|
Batting: LHB Miguel Silveira
|
0-0: Ball 1-0: SINGLE (Groundball, 3D, EV 100.6 MPH)
|
Batting: RHB Christian Leschak
|
0-0: Foul Ball, location: 2F 0-1: Ball 1-1: Ball 2-1: Called Strike 2-2: Strikes out swinging
|
Batting: SHB Steve Bailey
|
0-0: Fly out, F8 (Flyball, 8LXD, EV 100.6 MPH)
|
Batting: RHB Sam Costello
|
0-0: Foul Ball, location: 2F 0-1: Called Strike 0-2: Ball 1-2: Strikes out looking
|
Top of the 4th over - 0 runs, 1 hit, 0 errors, 1 left on base; Hamilton Ross 2 - University of Virginia 4 |
BOTTOM OF THE 4TH |
University of Virginia Cavaliers batting - Pitching for Hamilton Ross Rams : LHP Alejandro Silveira
|
Batting: LHB Ray Nichter
|
0-0: Called Strike 0-1: Ball 1-1: Swinging Strike 1-2: Strikes out looking
|
Batting: RHB Allen McCaskill
|
0-0: Foul Ball, location: 2F 0-1: Fly out, F9 (Line Drive, 9, EV 84.4 MPH)
|
Batting: SHB Ethan Lewis
|
0-0: Ball 1-0: Ball 2-0: Called Strike 2-1: Ball 3-1: Base on Balls
|
Batting: LHB Eustachio Bontempi
|
0-0: Called Strike Ethan Lewis steals 2nd base 0-1: Ground out 5-3 (Groundball, 56S, EV 70.6 MPH)
|
Bottom of the 4th over - 0 runs, 0 hits, 0 errors, 1 left on base; Hamilton Ross 2 - University of Virginia 4 |
TOP OF THE 5TH |
Hamilton Ross Rams batting - Pitching for University of Virginia Cavaliers : RHP Jayden Currie
|
Batting: RHB C.J. Fleet
|
0-0: Foul Ball, location: 2F 0-1: Ball 1-1: Foul Ball, location: 2F 1-2: Foul Ball, location: 2F 1-2: Strikes out swinging
|
Batting: LHB Jose Lopez
|
0-0: Foul Ball, location: 2F 0-1: Ball 1-1: Called Strike 1-2: Strikes out looking
|
Batting: LHB Addergoole Kartosuwiryo
|
0-0: Called Strike 0-1: Swinging Strike 0-2: Ball 1-2: Ball 2-2: Fly out, F8 (Flyball, 78XD, EV 100.0 MPH)
|
Top of the 5th over - 0 runs, 0 hits, 0 errors, 0 left on base; Hamilton Ross 2 - University of Virginia 4 |
BOTTOM OF THE 5TH |
University of Virginia Cavaliers batting - Pitching for Hamilton Ross Rams : LHP Alejandro Silveira
|
Batting: RHB Jason Thresher
|
0-0: Ball 1-0: Foul Ball, location: 2F 1-1: Ball 2-1: Ball 3-1: Called Strike 3-2: Reached on error, E5 (Groundball, 56, EV 100.6 MPH)
|
Batting: RHB Scott Anderson
|
0-0: Ball Jason Thresher steals 2nd base 1-0: Swinging Strike 1-1: Ball 2-1: SINGLE (Line Drive, 89S, EV 101.9 MPH) Jason Thresher to third
|
Pitching: RHP Matt Pepin
|
|
Batting: LHB Edelberto Barbas
|
0-0: Called Strike Scott Anderson is caught stealing 2nd base 2-6 0-1: Called Strike 0-2: Foul Ball, location: 2F 0-2: Ground out 4-3 (Groundball, 4, EV 110.0 MPH) Jason Thresher scores
|
Batting: LHB Josh Doan
|
0-0: Ball 1-0: Swinging Strike 1-1: SINGLE (Groundball, 6D, EV 102.5 MPH)
|
Batting: RHB Jayden Johnson
|
0-0: Ball 1-0: Ball Wild Pitch! Josh Doan to second 2-0: Ball 3-0: Base on Balls
|
Batting: LHB Ray Nichter
|
0-0: Called Strike 0-1: Foul Ball, location: 2F 0-2: Ball 1-2: Fly out, F9 (Flyball, 9, EV 93.1 MPH)
|
Bottom of the 5th over - 1 run, 2 hits, 1 error, 2 left on base; Hamilton Ross 2 - University of Virginia 5 |
TOP OF THE 6TH |
Hamilton Ross Rams batting - Pitching for University of Virginia Cavaliers : RHP Jayden Currie
|
Pitching: RHP Evan Nelson
|
|
Batting: RHB Giovonni Melis
|
0-0: Ball 1-0: Foul Ball, location: 2F 1-1: DOUBLE (Line Drive, 89XD, EV 98.1 MPH)
|
Batting: RHB Burke Miller
|
0-0: Called Strike 0-1: Called Strike 0-2: Strikes out swinging
|
Batting: LHB Miguel Silveira
|
0-0: Called Strike 0-1: Ground out 6-3 (Groundball, 6, EV 81.9 MPH)
|
Batting: RHB Christian Leschak
|
0-0: Called Strike 0-1: Ball 1-1: Ball 2-1: Foul Ball, location: 2F 2-2: Ball 3-2: Strikes out swinging
|
Top of the 6th over - 0 runs, 1 hit, 0 errors, 1 left on base; Hamilton Ross 2 - University of Virginia 5 |
BOTTOM OF THE 6TH |
University of Virginia Cavaliers batting - Pitching for Hamilton Ross Rams : RHP Matt Pepin
|
Batting: RHB Allen McCaskill
|
0-0: Called Strike 0-1: Ball 1-1: Foul Ball, location: 2F 1-2: Strikes out swinging
|
Batting: SHB Ethan Lewis
|
0-0: Swinging Strike 0-1: Called Strike 0-2: Ball 1-2: Strikes out looking
|
Batting: LHB Eustachio Bontempi
|
0-0: Ball 1-0: Ball 2-0: Ball 3-0: Base on Balls
|
Batting: RHB Jason Thresher
|
0-0: Ball 1-0: Ball Eustachio Bontempi is caught stealing 2nd base 2-4
|
Bottom of the 6th over - 0 runs, 0 hits, 0 errors, 0 left on base; Hamilton Ross 2 - University of Virginia 5 |
TOP OF THE 7TH |
Hamilton Ross Rams batting - Pitching for University of Virginia Cavaliers : RHP Evan Nelson
|
Batting: SHB Steve Bailey
|
0-0: Ball 1-0: Ball 2-0: Ball 3-0: Called Strike 3-1: Called Strike 3-2: Strikes out swinging
|
Batting: RHB Sam Costello
|
0-0: Ball 1-0: Ball 2-0: Foul Ball, location: 2F 2-1: Foul Ball, location: 2F 2-2: Ground out 6-3 (Groundball, 56, EV 89.4 MPH)
|
Batting: RHB C.J. Fleet
|
0-0: Ball 1-0: Ball 2-0: Ball 3-0: Called Strike 3-1: Called Strike 3-2: Strikes out swinging
|
Top of the 7th over - 0 runs, 0 hits, 0 errors, 0 left on base; Hamilton Ross 2 - University of Virginia 5 |
BOTTOM OF THE 7TH |
University of Virginia Cavaliers batting - Pitching for Hamilton Ross Rams : RHP Matt Pepin
|
Pitching: RHP Gareth Valcourt
|
|
Batting: RHB Jason Thresher
|
0-0: Ground out 5-3 (Groundball, 5, EV 105.0 MPH)
|
Batting: RHB Scott Anderson
|
0-0: Ball 1-0: Called Strike 1-1: Ground out 5-3 (Groundball, 56, EV 85.6 MPH)
|
Batting: LHB Edelberto Barbas
|
0-0: Ball 1-0: Ball 2-0: Ball 3-0: Called Strike 3-1: Fly out, F8 (Flyball, 8RM, EV 81.9 MPH)
|
Bottom of the 7th over - 0 runs, 0 hits, 0 errors, 0 left on base; Hamilton Ross 2 - University of Virginia 5 |
TOP OF THE 8TH |
Hamilton Ross Rams batting - Pitching for University of Virginia Cavaliers : RHP Evan Nelson
|
Batting: LHB Jose Lopez
|
0-0: Ground out U3 (Groundball, 3, EV 85.6 MPH)
|
Batting: LHB Addergoole Kartosuwiryo
|
0-0: Ball 1-0: Fly out, F8 (Flyball, 78M, EV 91.9 MPH)
|
Batting: RHB Giovonni Melis
|
0-0: Ball 1-0: SINGLE (Line Drive, 6MD, EV 99.4 MPH)
|
Batting: RHB Burke Miller
|
0-0: Ball 1-0: Foul Ball, location: 2F 1-1: Ball 2-1: Fly out, F8 (Flyball, 8RD, EV 89.4 MPH)
|
Top of the 8th over - 0 runs, 1 hit, 0 errors, 1 left on base; Hamilton Ross 2 - University of Virginia 5 |
BOTTOM OF THE 8TH |
University of Virginia Cavaliers batting - Pitching for Hamilton Ross Rams : RHP Gareth Valcourt
|
Batting: LHB Josh Doan
|
0-0: Ball 1-0: Ground out 4-3 (Groundball, 4, EV 108.8 MPH)
|
Batting: RHB Jayden Johnson
|
0-0: Fly out, F7 (Flyball, 78D, EV 80.0 MPH)
|
Batting: LHB Ray Nichter
|
0-0: Ball 1-0: Swinging Strike 1-1: Foul Ball, location: 2F 1-2: Strikes out swinging
|
Bottom of the 8th over - 0 runs, 0 hits, 0 errors, 0 left on base; Hamilton Ross 2 - University of Virginia 5 |
TOP OF THE 9TH |
Hamilton Ross Rams batting - Pitching for University of Virginia Cavaliers : RHP Evan Nelson
|
Pitching: RHP Salvo Botticelli
|
|
Pinch Hitting: RHB Waggoner Wagner
|
0-0: Called Strike 0-1: Ground out 6-3 (Groundball, 6, EV 83.8 MPH)
|
Batting: RHB Christian Leschak
|
0-0: Ball 1-0: Foul Ball, location: 2F 1-1: Swinging Strike 1-2: Strikes out swinging
|
Batting: SHB Steve Bailey
|
0-0: Called Strike 0-1: Fly out, F1 (Popup, 13, EV 83.8 MPH)
|
Top of the 9th over - 0 runs, 0 hits, 0 errors, 0 left on base; Hamilton Ross 2 - University of Virginia 5 |
|